 Dungeon Crawl Stone Soup version 0.17-a0-1769-g54adf96 (webtiles) character file.

23692 4thArraOfDagon the Severer (level 12, -2/116 HPs)
             Began as a Deep Dwarf Berserker on Sept 7, 2015.
             Was a Believer of Trog.
             Hit by a large rock thrown by a stone giant (37 damage)
             ... on level 4 of the Orcish Mines.
             The game lasted 00:29:16 (3901 turns).

4thArraOfDagon the Severer (Deep Dwarf Berserker)   Turns: 3901, Time: 00:29:16

Health: -2/116     AC: 17    Str: 25    XL:     12   Next: 74%
Magic:  10/10      EV: 10    Int: 17    God:    Trog [**....]
Gold:   201        SH:  0    Dex: 15    Spells: 0 memorised, 11 levels left

rFire  . . .     SeeInvis +     G - +1 battleaxe of the Lost Moons {venom, rN+ Int+3 Stlth+}
rCold  . . .     Clarity  .     o - +0 chain mail
rNeg   + + .     SustAt   .     (no shield)
rPois  .         Gourm    .     h - +0 helmet
rElec  .         Spirit   .     y - +0 cloak
rCorr  .         Warding  +     q - +1 pair of gloves {Dex+3}
rMut   .         Stasis   .     (no boots)
MR     +++..                    v - amulet of warding
Stlth  ..........               n - ring of see invisible
                                k - +5 ring of intelligence

@: non-regenerating, extremely resistant to hostile enchantments, extremely
unstealthy
A: damage resistance, recharge devices, sense surroundings 2, slow healing 3
a: Device Recharging, Burn Spellbooks, Berserk, Trog's Hand, Renounce Religion


You were on level 4 of the Orcish Mines.
You worshipped Trog.
Trog was pleased with you.
You were not hungry.

You visited 2 branches of the dungeon, and saw 18 of its levels.
You also visited: Labyrinth and Volcano.

You collected 780 gold pieces.
You spent 579 gold pieces at shops.

Inventory:

Hand weapons
 a - a +0 hand axe
 f - a +4 battleaxe of electrocution
 m - the +2 war axe "Keliasm" {venom, rF+ rC+ Str+6}
   (You bought it in a shop on level 10 of the Dungeon)

   It poisons the flesh of those it strikes.
   It affects your strength (+6).
   It protects you from fire.
   It protects you from cold.
 G - the +1 battleaxe of the Lost Moons (weapon) {venom, rN+ Int+3 Stlth+}
   (You bought it in a shop on level 10 of the Dungeon)

   It poisons the flesh of those it strikes.
   It affects your intelligence (+3).
   It protects you from negative energy.
   It makes you more stealthy.
Armour
 h - a +0 helmet (worn)
 o - a +0 chain mail (worn)
 q - a +1 pair of gloves of dexterity (worn)
 r - a +0 shield of reflection
 y - a +0 cloak (worn)
Magical staves
 g - a cursed staff of energy {unknown}
Jewellery
 k - a +5 ring of intelligence (left hand)
 n - a ring of see invisible (right hand)
 t - an uncursed amulet of rage
 v - an amulet of warding (around neck)
Magical devices
 b - a wand of enslavement (0)
 c - a wand of heal wounds (1)
 e - a wand of digging (11)
 j - a wand of draining (0)
 u - a wand of slowing (20)
 w - a wand of confusion (12)
 A - a wand of fire (8)
 C - a wand of draining (4)
 D - a wand of disintegration (8)
Scrolls
 p - a scroll of enchant armour
 x - a scroll of noise
Potions
 i - a potion of resistance
 l - a potion of brilliance
 z - a potion of poison
Books
 E - a book of Summonings

   Spells                             Type                      Level
   a - Recall                         Summoning/Translocation      3
   b - Aura of Abjuration             Summoning                    5
   c - Shadow Creatures               Summoning                    5
   d - Summon Demon                   Summoning                    5
   e - Summon Forest                  Summoning/Translocation      5
   f - Summon Mana Viper              Hexes/Summoning              5
   Trog disapproves of the use of such an item.
Comestibles
 d - 8 bread rations
 s - 9 chunks of flesh


   Skills:
 + Level 10.3 Fighting
 * Level 15.9 Axes
 + Level 11.7 Armour
 - Level 2.1 Dodging
 + Level 4.6 Evocations


You had 11 spell levels left.
You didn't know any spells.

Dungeon Overview and Level Annotations

Branches:
Dungeon (14/15)              Lair (0/8) D:9             Orc (4/4) D:10
 Vaults (0/5) D:13
 Temple: D:4-7          Elf: Orc:3-4

Altars:
Sif Muna
Vehumet

Shops:
D:10 (   Orc:4 ?[(=


Innate Abilities, Weirdness & Mutations

You are resistant to damage.
You can recharge devices by infusing magical energy.
You passively map the area around you.
You do not heal naturally.


Message History

The ogre barely misses you.
You slice the ogre!!
You kill the ogre!
Trog accepts your kill.
You now have 201 gold pieces (gained 6).
Items here: )) †† a giant spiked club; a club; an ogre corpse; a troll corpse Use which ability?
Your skin crawls.
You feel resistant to hostile enchantments.
You feel slightly more hungry.
The stone giant throws a large rock.
The large rock hits you!
* * * LOW HITPOINT WARNING * * *
Unknown command.
Unknown command.
The stone giant throws a large rock.
The large rock barely misses you.
Unknown command.
Unknown command.
The stone giant throws a large rock.
The large rock hits you!!!
You die...

..........#.#.## * ... ,
........####)## ### .... , ,
......### ##)####.###....
........## ##)#....#........ ,,
...#.....# ##).......##.....,,,
........## ##......#........
.......## ##..(..#.........,
......#.#### #......##........
...#.....#.## ##@.#............,,
...##.#.....# ##.##.............
..##.#......###(####............,
.##..........#.## ##............
.###.#........#####....(.....∩..,
## ##......#.C..#.##)..)........,
# #...........OC..(#...........
#................(.(.#.......
##...............(..(†.......


You could see a stone giant.

Vanquished Creatures
  A minotaur (Lab)
  An ettin (Orc:4)
  An ogre mage (Orc:4)
  Erolcha (D:9)
  A centaur warrior (D:13)
  2 dancing weapons (D:13)
  2 deep trolls (Orc:4)
  A lindwurm (Volcano)
  3 hill giants
  An ugly thing (D:11)
  2 cyclopes
  An unseen horror (D:10)
  A griffon (D:14)
  A toenail golem (Volcano)
  2 manticores
  A molten gargoyle (Volcano)
  2 gargoyles (Volcano)
  4 trolls (Orc:4)
  Grinder (D:6)
  6 two-headed ogres
  A wyvern (D:8)
  4 fire elementals (Volcano)
  5 basilisks
  A deep elf mage (D:14)
  18 yaks
  8 hungry ghosts (Lab)
  A warg (Orc:1)
  A water moccasin (D:12)
  An ice beast (D:8)
  3 porcupines (D:9)
  A sky beast (D:5)
  14 ogres
  3 orc warriors (Orc:1)
  A necrophage (D:9)
  8 centaurs
  3 crocodiles
  4 giant frogs
  8 killer bees (D:8)
  10 wights
  A jelly (D:14)
  2 crimson imps
  2 giant frog zombies
  A hound (D:10)
  2 orc priests
  A giant frog skeleton (D:11)
  6 orc wizards
  An iguana (D:9)
  2 worker ants
  A killer bee zombie (D:9)
  4 adders
  2 river rats (D:9)
  2 shadow imps
  44 orcs
  5 hobgoblins
  A quokka (D:3)
  3 bats (D:1)
  3 giant cockroaches
  3 giant geckos
  A giant gecko skeleton (D:5)
  A giant newt (D:3)
  11 jackals
229 creatures vanquished.

Vanquished Creatures (others)
  A fungus (D:9)
  A plant (D:9)
2 creatures vanquished.

Grand Total: 231 creatures vanquished

Notes
Turn   | Place    | Note
--------------------------------------------------------------
     0 | D:1      | 4thArraOfDagon the Deep Dwarf Berserker began the quest for the Orb.
     0 | D:1      | Reached XP level 1. HP: 20/20 MP: 1/1
   167 | D:3      | Noticed a giant frog skeleton
   193 | D:3      | Reached XP level 2. HP: 27/27 MP: 2/2
   291 | D:4      | Reached skill level 4 in Axes
   293 | D:4      | Reached XP level 3. HP: 23/34 MP: 3/3
   347 | D:5      | Entered Level 5 of the Dungeon
   379 | D:5      | Noticed a sky beast
   387 | D:5      | Killed a sky beast
   387 | D:5      | Reached XP level 4. HP: 37/42 MP: 4/4
   388 | D:5      | Acquired Trog's second power
   411 | D:5      | Reached skill level 5 in Axes
   427 | D:5      | Reached XP level 5. HP: 28/49 MP: 5/5
   461 | D:5      | Found a deep blue altar of Sif Muna.
   478 | D:5      | Noticed an ogre
   501 | D:5      | Killed an ogre
   501 | D:5      | Reached XP level 6. HP: 49/57 MP: 6/6
   586 | D:5      | Noticed a centaur
   639 | D:6      | :(
   663 | D:6      | Noticed Grinder
   685 | D:6      | Killed Grinder
   685 | D:6      | Reached skill level 6 in Axes
   757 | D:7      | no axe
   770 | D:7      | Reached XP level 7. HP: 66/66 MP: 7/7
   776 | D:7      | Reached skill level 7 in Axes
   860 | D:8      | Reached skill level 5 in Armour
   862 | D:8      | Reached skill level 5 in Fighting
   906 | D:8      | Noticed a gargoyle
   987 | D:8      | Reached XP level 8. HP: 74/74 MP: 8/8
   991 | D:8      | Reached skill level 8 in Axes
  1043 | D:9      | Noticed Erolcha
  1053 | D:9      | Killed Erolcha
  1053 | D:9      | Reached skill level 9 in Axes
  1101 | D:10     | Entered Level 10 of the Dungeon
  1101 | D:10     | Noticed a two-headed ogre
  1136 | D:10     | Killed a two-headed ogre
  1136 | D:10     | Gained mutation: You passively map the area around you. [Deep Dwarf growth]
  1136 | D:10     | Reached XP level 9. HP: 82/82 MP: 9/9
  1163 | D:9      | Noticed a yak
  1255 | D:9      | Noticed a yak
  1257 | D:9      | Noticed a yak
  1265 | D:9      | Noticed a yak
  1266 | D:9      | Found a staircase to the Lair.
  1266 | D:9      | Noticed a basilisk
  1266 | D:9      | Noticed a yak
  1266 | D:9      | Noticed a yak
  1266 | D:9      | Noticed a hill giant
  1273 | D:9      | Noticed a yak
  1277 | D:9      | Reached skill level 10 in Axes
  1279 | D:9      | Killed a hill giant
  1279 | D:9      | Killed a basilisk
  1280 | D:9      | Killed a yak
  1281 | D:9      | Killed a yak
  1281 | D:9      | Reached skill level 11 in Axes
  1282 | D:9      | Killed a yak
  1282 | D:9      | Killed a yak
  1285 | D:9      | Killed a yak
  1286 | D:9      | Killed a yak
  1286 | D:9      | Reached XP level 10. HP: 30/94 MP: 10/10
  1289 | D:9      | Killed a yak
  1359 | D:8      | Noticed a yak
  1360 | D:8      | Noticed a yak
  1361 | D:8      | Noticed a yak
  1365 | D:8      | Noticed a yak
  1366 | D:8      | Killed a yak
  1368 | D:8      | Noticed a yak
  1369 | D:8      | Noticed a yak
  1369 | D:8      | Killed a yak
  1373 | D:8      | Killed a yak
  1373 | D:8      | Killed a yak
  1374 | D:8      | Killed a yak
  1374 | D:8      | Reached skill level 12 in Axes
  1377 | D:8      | Killed a yak
  1431 | D:8      | Noticed a wyvern
  1437 | D:8      | Killed a wyvern
  1483 | D:8      | Found a radiant altar of Vehumet.
  1527 | D:10     | Found Cifi's Antique Weapon Shop.
  1679 | D:12     | Noticed a cyan ugly thing
  1693 | D:12     | jesus
  1751 | D:12     | Found a labyrinth entrance.
  1760 | Lab      | Entered a labyrinth
  2012 | Lab      | Reached skill level 13 in Axes
  2062 | Lab      | Reached XP level 11. HP: 104/104 MP: 11/11
  2231 | Lab      | Noticed a minotaur
  2244 | Lab      | Killed a minotaur
  2282 | D:12     | Noticed a cyclops
  2320 | D:12     | Killed a cyclops
  2365 | D:13     | Noticed a centaur warrior
  2403 | D:13     | Killed a centaur warrior
  2403 | D:13     | Reached skill level 10 in Armour
  2424 | D:13     | Noticed an enchanted long sword
  2427 | D:13     | Killed an enchanted long sword
  2441 | D:13     | Noticed an enchanted long sword
  2445 | D:13     | Killed an enchanted long sword
  2445 | D:13     | Reached skill level 14 in Axes
  2447 | D:13     | Found a gate to the Vaults.
  2486 | D:14     | Noticed a hill giant
  2493 | D:14     | Killed a hill giant
  2541 | D:14     | Noticed a catoblepas
  2684 | D:11     | Noticed a manticore
  2700 | D:11     | Killed a manticore
  2728 | D:11     | Noticed a green ugly thing
  2741 | D:11     | Killed a green ugly thing
  2764 | D:10     | Noticed an unseen horror
  2766 | D:10     | Killed an unseen horror
  2847 | D:10     | Found a staircase to the Orcish Mines.
  2895 | D:10     | Bought a steaming battleaxe for 333 gold pieces
  2895 | D:10     | Identified the cursed +1 battleaxe of the Lost Moons {venom, rN+ Int+3 Stlth+} (You bought it in a shop on level 10 of the Dungeon)
  2896 | D:10     | :(
  2941 | Orc:1    | Entered Level 1 of the Orcish Mines
  2961 | Orc:1    | Reached XP level 12. HP: 24/115 MP: 12/12
  3010 | Orc:1    | Found a dark tunnel.
  3020 | Volcano  | Entered a volcano
  3128 | Volcano  | Reached skill level 15 in Axes
  3170 | Volcano  | Reached skill level 1 in Evocations
  3331 | D:10     | Bought a transparent war axe for 246 gold pieces
  3331 | D:10     | Identified the +2 war axe "Keliasm" {venom, rF+ rC+ Str+6} (You bought it in a shop on level 10 of the Dungeon)
  3433 | Orc:4    | Entered Level 4 of the Orcish Mines
  3567 | Orc:4    | Noticed an ogre mage
  3579 | Orc:4    | Noticed an ettin
  3594 | Orc:4    | Killed an ettin
  3614 | Orc:4    | Killed an ogre mage
  3642 | Orc:4    | Reached skill level 10 in Fighting
  3764 | Orc:4    | Found Zoutul's Antique Armour Boutique.
  3791 | Orc:4    | Found Xunidgh's Magic Scroll Shop.
  3850 | Orc:4    | Found Jemuynu's Weapon Boutique.
  3858 | Orc:4    | Noticed a stone giant
  3860 | Orc:4    | Found Taumibb's Jewellery Shoppe.
  3883 | Orc:4    | HP: 4/116 [troll (5)]
  3901 | Orc:4    | Hit by a large rock thrown by a stone giant

Vault maps used:
D:1:      dpeg_arrival_round_c, st_stairs_3, okawaru_ov_weapons_minmay
D:2:      supply_closet_lemuel
D:3:      nicolae_overflow_hidden_temple, lemuel_zombie_altar_yredelemnul
D:4:      minmay_temple_entry_nine_rooms, dk_vineyard_3, minmay_splitting_lines,
          evilmike_ruin_ashenzari, uniq_menkaure
D:5:      old_standard_altar, first_bread, grunt_ministairs_2,
          uniq_blork_the_orc, uniq_edmund
D:6:      gammafunk_temple_overflow_claw, serial_shops, kennysheep_little_box,
          minmay_misc_feat_diagonals, uniq_grinder
D:7:      serial_shops, shop, kennysheep_cross_room, grunt_ministairs_8
D:8:      kennysheep_mini_moat, uniq_gastronok
D:9:      minmay_lair_entry_grove, serial_shops, shop, blue_anna_alchemist,
          uniq_erolcha
D:10:     orc_0_dummy, serial_shops, shop_fountains, uniq_grum
D:12:     lab_entry_generic
D:13:     erik_vaults_1, uniq_snorg, uniq_maud, uniq_urug
D:14:     portal_ice_cave_entry_dragon, kennysheep_cross_bottleneck
Orc:1:    nicolae_volcano_entry_lava_flow, nicolae_orc_bridge_out
Orc:2:    basic_altar, mines2_lemuel
Orc:3:    nicolae_orc_accident_2, nicolae_orc_pool_cavern, minmay_orc_temple_c,
          uniq_josephine
Orc:4:    st_orc_open
Lab:      nicolae_lab_x, nicolae_lab_checkerboard, nicolae_lab_do_over,
          labyrinth_glass_1, nicolae_lab_blocks, nicolae_lab_big_swirl,
          nicolae_lab_starburst, labyrinth_lava_lair
Volcano:  volcano_aerie

Action                   |  1- 3 |  4- 6 |  7- 9 | 10-12 || total
-------------------------+-------+-------+-------+-------++-------
Melee: Hand axe          |    53 |    63 |    34 |       ||   150
       Battleaxe         |       |       |    49 |   351 ||   400
Invok: Berserk           |     2 |     3 |     6 |    20 ||    31
       Trog's Hand       |       |     4 |     4 |    40 ||    48
       Burn Spellbooks   |       |       |       |     1 ||     1
 Abil: Device Recharging |       |       |       |     5 ||     5
Evoke: Wand              |       |       |     1 |    34 ||    35
  Use: Potion            |     2 |     2 |     1 |     2 ||     7
       Scroll            |       |     1 |       |    20 ||    21
 Stab: Sleeping          |     1 |       |       |       ||     1
       Invisible         |       |     2 |     2 |       ||     4
  Eat: Chunk             |       |     4 |     6 |    26 ||    36
       Fruit             |       |       |     2 |       ||     2
       Beef jerky        |       |       |     1 |     3 ||     4
       Bread ration      |       |       |       |     1 ||     1
       Royal jelly       |       |       |       |     1 ||     1
       Meat ration       |       |       |       |     2 ||     2
